 Dungeon Crawl Stone Soup version 0.24.1-4-ge52af88ad5 (webtiles) character file.

Game seed: 3313922052151713221, levelgen mode: deterministic

3668 Doot the Thaumaturge (level 9, 0/47 HPs)
             Began as a Deep Elf Wizard on Apr 20, 2020.
             Was a Believer of Vehumet.
             Killed by divine providence
             ... invoked by an orc priest
              (13 damage)
             ... on level 8 of the Dungeon.
             The game lasted 00:18:47 (8100 turns).

Doot the Thaumaturge (Deep Elf Wizard)              Turns: 8100, Time: 00:18:48

Health: 0/47       AC: 12    Str:  4    XL:     9   Next: 89%
Magic:  26/36      EV: 12    Int: 27    God:    Vehumet [**....]
Gold:   77         SH:  0    Dex: 13    Spells: 21/32 levels left

rFire    . . .     SeeInvis .   h - +2 dagger (vamp)
rCold    + . .     Gourm    .   (no shield)
rNeg     . . .     Faith    .   G - +2 leather armour {rC+}
rPois    .         Spirit   .   C - +2 helmet
rElec    .         Reflect  .   B - +1 cloak
rCorr    .         Harm     .   J - +1 pair of gloves
MR       .....                  (no boots)
Stlth    +++.......             (no amulet)
HPRegen  0.15/turn              e - ring of wizardry
MPRegen  0.25/turn              o - ring of magical power

@: no status effects
A: no striking features
a: Renounce Religion


You were on level 8 of the Dungeon.
You worshipped Vehumet.
Vehumet was pleased with you.
You were not hungry.

You visited 2 branches of the dungeon, and saw 9 of its levels.

You collected 413 gold pieces.
You spent 336 gold pieces at shops.

Inventory:

Hand Weapons
 h - a +2 vampiric dagger (weapon)
 s - a +2 dagger of venom
 A - a +4 quarterstaff of chaos
 H - a +0 rapier of speed
Armour
 a - a +0 robe
 b - a +0 hat
 n - a +0 hat
 B - a +1 cloak (worn)
 C - a +2 helmet (worn)
 G - a +2 leather armour of cold resistance (worn)
 J - a +1 pair of gloves (worn)
Magical Staves
 K - an uncursed staff of cold
Jewellery
 e - a ring of wizardry (left hand)
 k - a cursed ring of teleportation {unknown}
 o - a ring of magical power (right hand)
 I - a +3 ring of protection {unknown}
 L - an uncursed ring of wizardry
Wands
 r - a wand of polymorph (12)
 w - a wand of iceblast (14)
 M - a wand of random effects (11)
Scrolls
 c - 3 scrolls of amnesia
 g - 3 scrolls of remove curse
 i - 6 scrolls of teleportation
 l - 2 scrolls of enchant weapon
 m - 2 scrolls of enchant armour
 u - 2 scrolls of immolation
 v - a scroll of magic mapping
 y - a scroll of fear {unknown}
 F - a scroll of vulnerability {unknown}
Potions
 f - a potion of might
 j - 3 potions of degeneration
 q - 2 potions of magic
 t - 3 potions of brilliance
 x - 2 potions of lignification
 z - a potion of haste
 D - 2 potions of heal wounds
 E - 3 potions of curing
Comestibles
 d - 9 rations
 p - 8 chunks of flesh


   Skills:
 + Level 1.1 Fighting
 + Level 2.5 Short Blades
 + Level 2.3 Armour
 + Level 4.1 Dodging
 + Level 6.8 Stealth
 + Level 12.0 Spellcasting
 + Level 6.5 Conjurations
 + Level 1.5 Summonings
 + Level 3.4 Translocations
 + Level 2.7 Fire Magic
 + Level 2.3 Air Magic
 + Level 2.9 Poison Magic


You had 21 spell levels left.
You knew the following spells:

 Your Spells              Type           Power        Failure   Level  Hunger
a - Magic Dart            Conj           ####         1%          1    None
b - Blink                 Tloc           N/A          1%          2    None
c - Call Imp              Summ           ###.....     1%          2    None
d - Conjure Flame         Conj/Fire      #####...     1%          3    None
e - Mephitic Cloud        Conj/Pois/Air  #####...     1%          3    None

Your spell library contained the following spells:

 Spells                   Type           Power        Failure   Level  Hunger
 Throw Flame              Conj/Fire      #####.       1%          2    None
 Summon Small Mammal      Summ           ###.         1%          1    None
 Slow                     Hex            ###.....     3%          2    None
 Sticks to Snakes         Tmut           ###.....     3%          2    None
 Petrify                  Tmut/Erth      ###.....     24%         4    None
 Shadow Creatures         Summ           N/A          86%         6    #####..
 Dragon Form              Tmut           ###.......   100%        7    ######.


Dungeon Overview and Level Annotations

Branches:
Dungeon (8/15)             Temple (1/1) D:6
   Lair: D:8-11

Altars:
Cheibriados
Dithmenos
Elyvilon
Fedhas
Gozag
Kikubaaqudgha
Makhleb
Nemelex Xobeh
Okawaru
Qazlal
Ru
Sif Muna
Trog
Uskayaw
Vehumet
Wu Jian
Xom
Yredelemnul
Zin
The Shining One

Shops:
D:7 ?


Message History

Aim: a warg (flame, almost dead)
The magic dart hits the warg.
The warg is almost dead.
The warg is engulfed in blazing flames.
You kill the warg!
Vehumet accepts your kill.
Your Spellcasting skill increases to level 12!
Something hits you but does no damage.
Casting: Magic Dart (safe; 1% risk of failure)
Confirm with . or Enter, or press ? or * to list all spells.
You blink.
Unknown command.
The orc priest looks braver for a moment.
Some of the chunks of flesh in your inventory have rotted away.
The orc priest calls down the wrath of Beogh upon you.
Beogh smites you!
* * * LOW HITPOINT WARNING * * *
The orc priest invokes the aid of Beogh against you.
Beogh smites you!
You die...

### ######## #..
........
#.########.......
#######.##.......#
...........##)##.#
######.####o#.#.#
. #.###.###..# ..
####.##.##
##.#####...
#....@<##
##)....c#
#.##.##.#
##.#..#### #
#.###.###÷##.÷#
#......#......#
### ###÷#####.#
#.........#
#.######### ...
##########.# #.###
#..<†h)o.hg.


You could see an orc priest.

Vanquished Creatures
  Pikel (D:3)
  Joseph (D:7)
  Eustachio (D:5)
  2 wargs (D:8)
  Duvessa (D:6)
  An orc warrior (D:6)
  A phantom (D:5)
  A sky beast (D:6)
  5 ogres
  2 centaurs
  6 bullfrogs
  Dowan (D:6)
  2 scorpions (D:4)
  4 wights (D:6)
  An electric eel (D:6)
  A howler monkey (D:5)
  2 crimson imps
  A bullfrog zombie (D:6)
  2 hounds (D:6)
  Crazy Yiuf (D:3)
  2 jellies
  A bullfrog skeleton (D:4)
  3 orc priests
  5 orc wizards
  2 iguanas
  2 worker ants
  5 adders
  5 gnolls
  A shadow imp (D:7)
  An ooze (D:5)
  An adder skeleton (D:6)
  An adder zombie (D:6)
  4 worms
  4 dart slugs
  2 leopard geckos
  15 orcs
  A ball python (D:3)
  7 bats
  2 giant cockroaches
  4 goblins
  5 hobgoblins
  16 jackals
  3 kobolds
  2 quokkas
  3 frilled lizards
  A jackal skeleton (D:6)
  A leopard gecko skeleton (D:6)
  A quokka skeleton (D:4)
  5 rats
142 creatures vanquished.

Vanquished Creatures (collateral kills)
  A giant cockroach (D:5)
1 creature vanquished.

Vanquished Creatures (others)
  A slave (D:4)
1 creature vanquished.

Grand Total: 144 creatures vanquished

Notes
Turn   | Place    | Note
-------+----------+-------------------------------------------
     0 | D:1      | Doot the Deep Elf Wizard began the quest for the Orb.
     0 | D:1      | Reached XP level 1. HP: 10/10 MP: 7/7
   192 | D:1      | Reached XP level 2. HP: 15/15 MP: 1/9
   270 | D:1      | Learned a level 2 spell: Blink
   273 | D:1      | Learned a level 2 spell: Call Imp
   704 | D:1      | Reached skill level 5 in Spellcasting
  1095 | D:2      | Reached XP level 3. HP: 19/19 MP: 11/11
  1103 | D:2      | Learned a level 3 spell: Conjure Flame
  1107 | D:2      | Learned a level 3 spell: Mephitic Cloud
  1253 | D:2      | Found a radiant altar of Vehumet.
  1257 | D:2      | Became a worshipper of Vehumet
  1656 | D:2      | Reached XP level 4. HP: 24/24 MP: 9/13
  1764 | D:2      | Reached skill level 6 in Spellcasting
  2514 | D:3      | Found a faded altar of an unknown god.
  2602 | D:3      | Found a runed translucent door.
  2603 | D:3      | Noticed Crazy Yiuf
  3089 | D:4      | Reached skill level 1 in Poison Magic
  3089 | D:4      | Reached XP level 5. HP: 25/28 MP: 16/16
  3411 | D:4      | Reached skill level 7 in Spellcasting
  3481 | D:4      | Noticed a slave
  3484 | D:4      | Noticed Pikel
  3545 | D:3      | Killed Pikel
  3545 | D:3      | Reached skill level 8 in Spellcasting
  3545 | D:3      | Reached skill level 1 in Fire Magic
  3545 | D:3      | Reached XP level 6. HP: 33/33 MP: 6/19
  3545 | D:3      | Reached XP level 7. HP: 37/37 MP: 6/20
  3693 | D:3      | Killed Crazy Yiuf
  3693 | D:3      | Reached skill level 1 in Short Blades
  3937 | D:4      | Reached * piety under Vehumet
  3937 | D:4      | Offered knowledge of Sandblast by Vehumet.
  3997 | D:4      | Found an ornate altar of the Wu Jian Council.
  4401 | D:4      | Reached skill level 1 in Air Magic
  4553 | D:5      | Entered Level 5 of the Dungeon
  4616 | D:5      | Noticed Eustachio
  4651 | D:5      | Killed Eustachio
  4653 | D:5      | Reached XP level 8. HP: 25/42 MP: 14/22
  4710 | D:5      | Reached skill level 9 in Spellcasting
  5519 | D:6      | Noticed Duvessa
  5522 | D:6      | Noticed Dowan
  5562 | D:6      | Killed Duvessa
  5572 | D:6      | Killed Dowan
  5572 | D:6      | Reached skill level 5 in Stealth
  5670 | D:6      | Identified the Papyrus of Mutagenic Illusion
  5712 | D:6      | Reached skill level 10 in Spellcasting
  5772 | D:6      | Reached skill level 1 in Fighting
  5772 | D:6      | Reached skill level 1 in Armour
  5880 | D:6      | Reached skill level 5 in Conjurations
  6065 | D:6      | Found a staircase to the Ecumenical Temple.
  6076 | Temple   | Entered the Ecumenical Temple
  6101 | D:6      | Reached XP level 9. HP: 47/47 MP: 22/25
  6121 | D:6      | Reached ** piety under Vehumet
  6121 | D:6      | Offered knowledge of Shock by Vehumet.
  6385 | D:6      | Reached skill level 11 in Spellcasting
  7120 | D:7      | Noticed Joseph
  7145 | D:7      | Found Alunk's Magic Scroll Shop.
  7199 | D:7      | Bought a scroll of enchant armour for 105 gold pieces
  7199 | D:7      | Bought a scroll of amnesia for 49 gold pieces
  7199 | D:7      | Bought a scroll of identify for 28 gold pieces
  7199 | D:7      | Bought a scroll of identify for 28 gold pieces
  7199 | D:7      | Bought a scroll of identify for 28 gold pieces
  7199 | D:7      | Bought a scroll of identify for 28 gold pieces
  7199 | D:7      | Bought a scroll of identify for 28 gold pieces
  7199 | D:7      | Bought a scroll of teleportation for 42 gold pieces
  7589 | D:7      | Killed Joseph
  7905 | D:8      | Offered knowledge of Throw Flame by Vehumet.
  8088 | D:8      | Reached skill level 12 in Spellcasting
  8100 | D:8      | Killed from afar by an orc priest

Levels and vault maps discovered:
D:1:      saegor_arrival_miasma, layout_basic, minmay_quantized
D:2:      layout_loops_ring, vehumet_crystals, serial_co_window_serial,
          co_window_paths_a, co_window_corner_a, co_window_paths_b,
          co_window_of_opportunity_a, co_window_paths_a, co_window_corner_b,
          co_window_corner_b, co_window_corner_b, co_window_of_opportunity_b,
          co_window_of_opportunity_b, co_window_unsneaky_path_a,
          co_window_unsneaky_path_e, glass_columns_a, kennysheep_generic_room_10
D:3:      kennysheep_big_flooded_room, layout_rooms,
          chequers_ecumenical_altar_simple_redux, uniq_crazy_yiuf_cottage
D:4:      layout_basic, marbit_many_paths, uniq_pikel
D:5:      layout_loops_ring, first_ration, uniq_eustachio
D:6:      layout_basic, minmay_temple_entry_poolview, kennysheep_dice,
          uniq_duvessa
D:7:      layout_loops_cross, serial_shops, shop, uniq_joseph
D:8:      layout_loops_ring, lemuel_coloured_pillars_altar,
          erik_lair_orcish_takeover, hangedman_ranch [blue_anna_fruit_fields]
Temple:   nicolae_temple_no_exploring_needed

Skill      XL: |  1  2  3  4  5  6  7  8  9 |
---------------+----------------------------+-----
Spellcasting   | 5 6 8 10 12 | 12.0
Stealth        | 3 4 5 6 |  6.8
Conjurations   | 2 3 4 5 6 |  6.5
Poison Magic   | 1 2 |  2.9
Dodging        | 3 4 |  4.1
Translocations | 2 3 |  3.4
Fire Magic     | 1 2 |  2.7
Short Blades   | 1 2 |  2.5
Air Magic      | 1 2 |  2.3
Fighting       | 1 |  1.1
Armour         | 1 2 |  2.3
Summonings     | |  1.5

Action                   |  1- 3 |  4- 6 |  7- 9 || total
-------------------------+-------+-------+-------++-------
Melee: Dagger            |     2 |     8 |    65 ||    75
 Cast: Magic Dart        |    85 |    71 |   259 ||   415
       Conjure Flame     |     2 |     7 |    29 ||    38
       Mephitic Cloud    |     1 |     7 |    18 ||    26
       Call Imp          |       |     3 |     1 ||     4
       Blink             |       |     5 |    13 ||    18
  Use: Scroll            |       |     1 |    11 ||    12
 Stab: Sleeping          |     2 |     2 |     9 ||    13
       Confused          |       |       |     5 ||     5
  Eat: Chunk             |     2 |     6 |    14 ||    22
Armor: Robe              |     2 |     3 |     1 ||     6
       Leather armour    |       |       |    44 ||    44
Dodge: Dodged            |    13 |    16 |    76 ||   105
